[Event "Team 45 45 League T65"]
[Site "Internet Chess Club"]
[Date "2015.06.06"]
[Round "1"]
[White "Freeloshowers"]
[Black "bayoumicardio10"]
[Result "0-1"]
[WhiteElo "1004"]
[BlackElo "1541"]
[Opening "Pirc: Austrian attack, dragon formation"]
[ECO "B09"]
[Time "19:30:22"]
[TimeControl "2700+45"]

1. e4 d6 2. d4 Nf6 3. Nc3 g6 4. f4 Bg7 5. Nf3 c5 6. Bb5+ Bd7 7. e5 Ng4 8. e6
cxd4 9. exd7+ Nxd7 10. Nxd4 O-O 11. Qxg4 Nf6 12. Qh4 Qb6 13. f5 Nh5 14. Be3 e5
15. fxg6 fxg6 16. Nd5 Qa5+ 17. c3 exd4 18. Bxd4 Bxd4 19. Qxd4 Rae8+ 20. Bxe8
Rxe8+ 21. Ne3 Qg5 22. O-O Rxe3 23. Qc4+ Kg7 24. Rae1 Rxe1 25. Qf7+ Kh6 26. Qf8+
Ng7 27. Rxe1 Qd2 28. Re7 Qc1+ 29. Kf2 Qxb2+ 30. Kf3 Qxc3+ 31. Kg4 Qd4+ 32. Kh3
Qd3+ 33. g3 Qf5+ 34. Qxf5 Nxf5 35. Rxb7 Nd4 36. Rxa7 Nb5 37. Ra5 Nc3 38. a3 d5
39. Rc5 d4 40. Rc4 Ne2 41. a4 d3 42. Re4 d2 43. Rxe2 d1=Q 44. Re4 Qd7+ 45. g4
Qd3+ {White resigns} 0-1

[Event "Team 45 45 League T65"]
[Site "Internet Chess Club"]
[Date "2015.06.08"]
[Round "1"]
[White "clarinetref"]
[Black "ToniMostarda"]
[Result "0-1"]
[WhiteElo "1587"]
[BlackElo "1816"]
[Opening "Alekhine's defense: Sämisch attack"]
[ECO "B02"]
[Time "10:06:02"]
[TimeControl "2700+45"]

1. e4 Nf6 2. e5 Nd5 3. Nc3 Nxc3 4. dxc3 d6 5. exd6 Qxd6 6. Bd3 Nd7 7. Be3 Nc5 8.
Ne2 Nxd3+ 9. Qxd3 Qxd3 10. cxd3 Bf5 11. d4 e6 12. Bf4 O-O-O 13. O-O Be7 14. Rfe1
g5 15. Bd2 h5 16. Ng3 Bd3 17. Ne4 Rhg8 18. Re3 Bb5 19. a4 Bc4 20. Bc1 c5 21. Re1
cxd4 22. Nd2 Bd3 23. cxd4 Rxd4 24. Nf3 Rd5 25. Re5 Rxe5 26. Nxe5 Bg6 27. Be3 Kb8
28. Rc1 f6 29. Nd7+ Ka8 30. b4 Rd8 31. h3 b6 32. Rc7 Bxb4 33. g3 Bd6 34. Nxb6+
axb6 35. Rc6 Bc5 36. Bxc5 bxc5 37. Rxc5 Rd1+ 38. Kg2 Be4+ 39. f3 Bd5 40. Kf2 Ra1
41. a5 Ka7 42. f4 Ra2+ 43. Ke3 Ra3+ 44. Kd4 Rxg3 45. f5 Rxh3 46. fxe6 Bxe6 47.
Rc6 Bg4 48. Rxf6 Ra3 49. Rf7+ Ka6 50. Rg7 Rxa5 51. Rg6+ Kb7 {White resigns} 0-1

[Event "Team 45 45 League T65"]
[Site "Internet Chess Club"]
[Date "2015.06.06"]
[Round "1"]
[White "unclevinny"]
[Black "tryanything"]
[Result "1/2-1/2"]
[WhiteElo "1607"]
[BlackElo "1616"]
[Opening "Ruy Lopez: 5.O-O"]
[ECO "C78"]
[Time "18:50:46"]
[TimeControl "2700+45"]

1. e4 e5 2. Nf3 Nc6 3. Bb5 a6 4. Ba4 Nf6 5. O-O b5 6. Bb3 Nxe4 7. Bd5 Nf6 8.
Bxc6 dxc6 9. Nxe5 Qd6 10. Re1 Be6 11. Qf3 Be7 12. Qxc6+ Qxc6 13. Nxc6 Bd6 14.
Nd4 Kd7 15. Nxe6 fxe6 16. d3 Rhf8 17. Nc3 Ng4 18. f3 Bxh2+ 19. Kh1 Bg3 20. Re2
Rf5 21. Ne4 Rh5+ 22. Kg1 Bh2+ 23. Kf1 Nf6 24. Be3 Nxe4 25. dxe4 Rf8 26. Rd2+ Kc8
27. Rad1 Bg3 28. Bf2 Rh1+ 29. Ke2 Rxd1 30. Rxd1 Bxf2 31. Kxf2 Rd8 32. Rd3 Rxd3
33. cxd3 c5 34. Ke3 Kc7 35. f4 g6 36. b3 Kd6 37. g3 a5 38. Kd2 h6 39. Kc3 Kc6
40. d4 Kd6 41. dxc5+ Kxc5 42. a3 h5 43. b4+ axb4+ 44. axb4+ Kc6 45. Kd4 Kd6 46.
e5+ Kc6 47. Ke4 Kd7 48. Kd4 Kc6 49. Ke4 Kd7 50. Kd4 Kc6 {Game drawn by
repetition} 1/2-1/2

[Event "Team 45 45 League T65"]
[Site "Internet Chess Club"]
[Date "2015.06.08"]
[Round "1"]
[White "Pomberito"]
[Black "SlimeDog2"]
[Result "1/2-1/2"]
[WhiteElo "2041"]
[BlackElo "2033"]
[Opening "Ruy Lopez: Berlin defense, open variation"]
[ECO "C67"]
[Time "21:05:30"]
[TimeControl "2700+45"]

1. e4 e5 2. Nf3 Nc6 3. Bb5 Nf6 4. O-O Nxe4 5. Re1 Nd6 6. Nxe5 Nxe5 7. Rxe5+ Be7
8. Bd3 O-O 9. Nc3 Ne8 10. b3 c6 11. Bb2 d5 12. Qh5 Nf6 13. Qh4 Be6 14. Rae1 g6
15. Qa4 Nd7 16. R5e2 Nc5 17. Qd4 Nxd3 18. Qxd3 Bf6 19. Qf3 Bg7 20. Nd1 {Game
drawn by mutual agreement} 1/2-1/2

[Event "Team 45 45 League T65"]
[Site "Internet Chess Club"]
[Date "2015.06.03"]
[Round "1"]
[White "ArturitoGalacti"]
[Black "f5"]
[Result "0-1"]
[WhiteElo "1971"]
[BlackElo "2082"]
[Opening "Queen's pawn game, Darooha variation "]
[ECO "D02"]
[Time "18:00:10"]
[TimeControl "2700+45"]

1. d4 d5 2. Nf3 Nf6 3. g3 c6 4. Bg2 Nbd7 5. b3 e6 6. Bb2 Bd6 7. Nbd2 O-O 8. O-O
Re8 9. Ne5 Qc7 10. Ndf3 c5 11. e3 b6 12. Qe2 a5 13. c4 Ba6 14. Rfc1 Rad8 15. Qc2
Bxe5 16. Nxe5 Nxe5 17. dxe5 Ng4 18. Qc3 d4 19. exd4 cxd4 20. Qe1 Nxe5 21. Qe4 f5
22. Qe2 Nc6 23. Rd1 Bb7 24. f4 Kh8 25. a3 e5 26. fxe5 Rxe5 27. Qf2 Qe7 28. Bf3
Re3 29. Re1 Qc5 30. Rad1 Rde8 31. Bxd4 Rxe1+ 32. Rxe1 Rxe1+ 33. Qxe1 Qxd4+ 34.
Kg2 Qd7 35. Qe3 Nd4 36. Bxb7 Qxb7+ 37. Kh3 Qd7 38. Qf4 Qd8 39. b4 axb4 40. axb4
h6 41. c5 bxc5 42. bxc5 Qd7 43. Qb8+ Kh7 44. Qe5 Nf3 45. Qf4 g5 46. Qe3 {White
resigns} 0-1

[Event "Team 45 45 League T65"]
[Site "Internet Chess Club"]
[Date "2015.06.08"]
[Round "1"]
[White "Freitac"]
[Black "jt2000"]
[Result "0-1"]
[WhiteElo "1825"]
[BlackElo "2148"]
[Opening "Catalan: open, 5.Nf3"]
[ECO "E04"]
[Time "18:00:17"]
[TimeControl "2700+45"]

1. d4 d5 2. c4 e6 3. Nf3 Nf6 4. g3 dxc4 5. Bg2 Bb4+ 6. Bd2 c5 7. Bxb4 cxb4 8.
Ne5 O-O 9. Nxc4 Nc6 10. e3 e5 11. d5 b5 12. dxc6 Qxd1+ 13. Kxd1 bxc4 14. a3 Bg4+
15. Kc1 a5 16. Nd2 Be2 17. Bf1 Bxf1 18. Rxf1 Rac8 19. axb4 axb4 20. Nxc4 Rxc6
21. b3 Ne4 22. Kb2 f6 23. Rfd1 Nxf2 24. Rd7 Kh8 25. Raa7 Rg8 26. Rab7 e4 27. Ra7
Nd3+ 28. Kb1 h6 29. Re7 Ne5 30. Nxe5 fxe5 31. Rac7 Rxc7 32. Rxc7 Rd8 33. Rc4 Rd3
34. Rxb4 Rxe3 35. Rb8+ Kh7 36. b4 Rd3 37. Kc2 Rd4 38. Rb5 Kg6 39. Rxe5 Rxb4 40.
Kd2 Kf6 41. Re8 Kf5 42. Rf8+ Ke5 43. Rf7 g5 44. Rh7 Rb2+ 45. Ke3 Rxh2 46. Rh8
Rh3 47. Kf2 Rh2+ 48. Ke3 Rg2 49. Rxh6 Rxg3+ 50. Ke2 Rf3 51. Rh8 g4 52. Re8+ Kf4
53. Rf8+ Kg3 54. Re8 e3 55. Rg8 Kh3 56. Rh8+ Kg2 57. Rg8 g3 58. Rh8 Rf7 59. Rg8
Kh2 60. Kxe3 g2 61. Rh8+ Kg1 62. Ke2 Re7+ 63. Kf3 Kf1 {White resigns} 0-1

[Event "Team 45 45 League T65"]
[Site "Internet Chess Club"]
[Date "2015.06.09"]
[Round "1"]
[White "Goli"]
[Black "primerpaso"]
[Result "0-1"]
[WhiteElo "1771"]
[BlackElo "1844"]
[Opening "Sicilian: Alapin's variation (2.c3)"]
[ECO "B22"]
[Time "16:57:50"]
[TimeControl "2700+45"]

1. e4 c5 2. c3 d5 3. exd5 Qxd5 4. d4 Nf6 5. Nf3 Bg4 6. Be2 e6 7. O-O Be7 8. Na3
O-O 9. Nb5 Qd8 10. dxc5 Nbd7 11. b4 Nd5 12. Qb3 a5 13. a4 Bf6 14. Bb2 Nf4 15.
Qc2 Bf5 16. Qd2 Nxe2+ 17. Qxe2 Qb8 18. Nd6 Bg6 19. Nd4 b6 20. Nxe6 fxe6 21.
Qxe6+ Kh8 22. Qxd7 bxc5 23. Nb5 cxb4 24. Qd2 Rd8 25. Qc1 Bd3 26. Rd1 Bxb5 27.
Rxd8+ Qxd8 28. axb5 Rc8 29. c4 Bxb2 30. Qxb2 Rxc4 31. Qe2 Rc8 32. g3 Rb8 33. Rd1
Qb6 34. Rd5 h6 35. Qc4 Rf8 36. Rc5 b3 {White resigns} 0-1

[Event "Team 45 45 League T65"]
[Site "Internet Chess Club"]
[Date "2015.06.04"]
[Round "1"]
[White "Colombiano07"]
[Black "Agarnez"]
[Result "1/2-1/2"]
[WhiteElo "1852"]
[BlackElo "1921"]
[Opening "Catalan: open, classical line"]
[ECO "E05"]
[Time "19:30:40"]
[TimeControl "2700+45"]

1. d4 d5 2. Nf3 Nf6 3. c4 e6 4. g3 dxc4 5. Bg2 Be7 6. O-O O-O 7. Qc2 a6 8. Qxc4
b5 9. Qc2 Bb7 10. Bd2 Nc6 11. Nc3 Nb4 12. Qb3 c5 13. dxc5 Bxc5 14. Rad1 Qb6 15.
a4 Ng4 16. e3 Rfd8 17. h3 Nf6 18. Nd4 Bxg2 19. Kxg2 Qb7+ 20. Kh2 e5 21. Nf5 Bf8
22. axb5 axb5 23. Bc1 Rd7 24. Rxd7 Qxd7 25. g4 Qb7 26. Ng3 Rd8 27. e4 Rd3 28.
Be3 h6 29. Rd1 Qd7 30. Kg2 g6 31. Rxd3 Nxd3 32. Qxb5 Qxb5 33. Nxb5 Nxb2 34. f3
Nc4 35. Kf2 Nxe3 36. Kxe3 Bc5+ 37. Kd3 Bf2 38. Ne2 Kf8 39. Nc7 Nh7 40. f4 {Game
drawn by mutual agreement} 1/2-1/2

[Event "Team 45 45 League T65"]
[Site "Internet Chess Club"]
[Date "2015.06.07"]
[Round "1"]
[White "WCourson"]
[Black "deancorso1"]
[Result "0-1"]
[WhiteElo "1875"]
[BlackElo "1825"]
[Opening "Caro-Kann: Tartakower (fantasy) variation"]
[ECO "B12"]
[Time "13:14:14"]
[TimeControl "2700+45"]

1. e4 c6 2. d4 d5 3. f3 dxe4 4. fxe4 e5 5. Nf3 exd4 6. Bc4 Bc5 7. O-O Nf6 8. Ng5
O-O 9. Nxf7 Qe7 10. Qd3 Rxf7 11. Qb3 Nbd7 12. Rf5 Ne5 13. Rxe5 Qxe5 14. Bxf7+
Kf8 15. Bc4 d3+ 16. Kf1 Qd4 17. Ke1 Qf2+ {White resigns} 0-1

[Event "Team 45 45 League T65"]
[Site "Internet Chess Club"]
[Date "2015.06.06"]
[Round "1"]
[White "drbishop"]
[Black "frank001"]
[Result "1/2-1/2"]
[WhiteElo "1702"]
[BlackElo "1773"]
[Opening "Dutch with c4 & Nc3"]
[ECO "A85"]
[Time "10:01:27"]
[TimeControl "2700+45"]

1. d4 f5 2. c4 Nf6 3. Nc3 g6 4. Bg5 Bg7 5. Bxf6 Bxf6 6. e4 fxe4 7. Nxe4 Bg7 8.
Nf3 O-O 9. Qb3 e6 10. O-O-O a5 11. h4 h5 12. Bd3 Nc6 13. Neg5 Ne7 14. Qc2 Nf5
15. Kb1 b6 16. Be4 Rb8 17. d5 Qf6 18. dxe6 dxe6 19. Rhe1 c5 20. Bc6 Nxh4 21.
Nxe6 Nxf3 22. Bxf3 Re8 23. Nxg7 Rxe1 24. Rxe1 Kxg7 25. Qd2 Bf5+ 26. Be4 b5 27.
Bxf5 Qxf5+ 28. Ka1 Rb7 29. cxb5 a4 30. a3 Qf6 31. Qd5 Qb6 32. Re6 Qxb5 33. Qe5+
Kh7 34. Re7+ Rxe7 35. Qxe7+ Kh6 36. Qe3+ Kg7 37. Qe7+ Kh6 38. Qe3+ Kg7 39. Qe7+
Kh6 40. Qe3+ Kg7 {Game drawn by repetition} 1/2-1/2

[Event "Team 45 45 League T65"]
[Site "Internet Chess Club"]
[Date "2015.06.07"]
[Round "1"]
[White "CaoCao"]
[Black "IshanR"]
[Result "1-0"]
[WhiteElo "1960"]
[BlackElo "1845"]
[Opening "Benkö gambit half accepted"]
[ECO "A57"]
[Time "07:36:24"]
[TimeControl "2700+45"]

1. d4 Nf6 2. c4 c5 3. d5 b5 4. cxb5 a6 5. g3 axb5 6. Bg2 d6 7. Bg5 Nbd7 8. Nd2
g6 9. e4 Bg7 10. Nh3 O-O 11. O-O Bb7 12. Kh1 Ra4 13. f3 Qa5 14. Nb3 Qa7 15. a3
Ne5 16. Rb1 b4 17. axb4 Rxb4 18. Bd2 Ra4 19. Bc3 Nfd7 20. Nd2 Rb8 21. Nf2 Ba6
22. Qxa4 {Black resigns} 1-0

[Event "Team 45 45 League T65"]
[Site "Internet Chess Club"]
[Date "2015.06.06"]
[Round "1"]
[White "Signalman"]
[Black "achessman"]
[Result "1/2-1/2"]
[WhiteElo "1797"]
[BlackElo "1952"]
[Opening "Center game: Berger variation"]
[ECO "C22"]
[Time "04:07:20"]
[TimeControl "2700+45"]

1. e4 e5 2. d4 exd4 3. Qxd4 Nc6 4. Qe3 Nf6 5. Nc3 Bb4 6. Bd2 Qe7 7. f3 d5 8.
exd5 Qxe3+ 9. Bxe3 Nxd5 10. Bd2 Nxc3 11. Bxc3 Bxc3+ 12. bxc3 O-O 13. Bd3 Re8+
14. Ne2 Bd7 15. O-O Re3 16. Rab1 Rae8 17. Rxb7 Rxe2 18. Bxe2 Rxe2 19. Rxc7 Be8
20. Rf2 Re5 21. Rd2 g6 22. Kf2 Kg7 23. Rd6 Rc5 24. Rd8 Nxd8 25. Rxc5 Nc6 26. Ke3
Kf6 27. g4 Ne5 28. g5+ Ke6 29. f4 Nc6 30. Ke4 a6 31. Rd5 Ne7 32. Re5+ Kd6 33. c4
Bc6+ 34. Kd3 Nf5 35. c5+ Kd7 36. Kc4 Ng7 37. Kb4 Ne6 38. Ka5 Bb5 39. f5 Nd8 40.
Rd5+ Kc7 41. Kb4 Bc6 42. Rd6 gxf5 43. Rf6 Bd7 44. Rxa6 Nc6+ 45. Kc3 f4 46. Kd2
f3 47. Ke3 Bg4 48. Ra4 Bh5 49. Rh4 Bg6 50. Rf4 Ne5 51. Kd4 Nc6+ 52. Ke3 Ne5 53.
c3 Kd7 54. a4 f2 55. Kd4 Nd3 56. Rf3 Kc7 57. Rf6 Kb7 58. a5 Nc1 59. Rxf2 Nb3+
60. Kd5 Nxa5 61. Rb2+ Kc7 62. Rb6 Nb7 63. h4 Nd8 64. c4 Bh5 65. Rh6 Bg6 66. h5
Bc2 67. Rb6 Ne6 68. g6 hxg6 69. hxg6 Nf4+ 70. Ke5 Nxg6+ 71. Kf6 Nf8 72. Kxf7 Nd7
{Game drawn by mutual agreement} 1/2-1/2

[Event "Team 45 45 League T65"]
[Site "Internet Chess Club"]
[Date "2015.06.08"]
[Round "1"]
[White "cityprosecutor"]
[Black "bondguy01"]
[Result "1/2-1/2"]
[WhiteElo "1829"]
[BlackElo "1817"]
[Opening "Scotch: Göring gambit"]
[ECO "C44"]
[Time "20:03:05"]
[TimeControl "2700+45"]

1. e4 e5 2. Nf3 Nc6 3. d4 exd4 4. c3 d5 5. exd5 Qxd5 6. cxd4 Bg4 7. Be2 Bb4+ 8.
Nc3 Bxf3 9. Bxf3 Qc4 10. Bxc6+ bxc6 11. Qf3 O-O-O 12. Qf5+ Kb7 13. Be3 Bxc3+ 14.
bxc3 Qxc3+ 15. Ke2 Qc4+ 16. Kd2 Qb4+ 17. Ke2 Qb5+ 18. Qd3 Qxd3+ 19. Kxd3 Ne7 20.
Rab1+ Kc8 21. Rhc1 Rd5 22. a4 Ra5 23. Rb4 Kd7 24. Rbc4 Rb8 25. Bd2 Rd5 26. Bb4
Rd8 27. Bc5 a6 28. Bxe7 Kxe7 29. Rxc6 Rxd4+ 30. Ke3 Rxa4 31. Rxc7+ Kf8 32. Ra7
Ra3+ 33. Kf4 Ra4+ 34. Kg3 h5 35. Rcc7 Rg4+ 36. Kf3 f5 37. Rxa6 Kg8 38. Rc5 Rd3+
39. Ke2 Rgd4 40. Rxf5 Rd2+ 41. Ke3 R2d3+ {Game drawn by mutual agreement}
1/2-1/2

[Event "Team 45 45 League T65"]
[Site "Internet Chess Club"]
[Date "2015.06.07"]
[Round "1"]
[White "JefferyChess"]
[Black "Constrictor"]
[Result "1-0"]
[WhiteElo "1728"]
[BlackElo "1604"]
[Opening "Alekhine's defense"]
[ECO "B03"]
[Time "17:00:29"]
[TimeControl "2700+45"]

1. e4 Nf6 2. e5 Nd5 3. d4 d6 4. c4 Nb6 5. Nf3 Bg4 6. Bf4 dxe5 7. Bxe5 Nc6 8. h3
Nxe5 9. hxg4 Nxg4 10. c5 Nd5 11. Qb3 c6 12. Qxb7 Qc8 13. Ba6 Nb4 14. Qxc8+ Rxc8
15. Bxc8 Nc2+ 16. Kd2 Nxa1 17. Bxg4 g6 18. Nc3 Bh6+ {Black resigns} 1-0

[Event "Team 45 45 League T65"]
[Site "Internet Chess Club"]
[Date "2015.06.06"]
[Round "1"]
[White "terry-song"]
[Black "alexping"]
[Result "0-1"]
[WhiteElo "1808"]
[BlackElo "1884"]
[Opening "French: Albin-Alekhine-Châtard attack, Maróczy variation"]
[ECO "C13"]
[Time "13:23:00"]
[TimeControl "2700+45"]

1. e4 e6 2. d4 d5 3. Nc3 Nf6 4. Bg5 Be7 5. e5 Nfd7 6. h4 a6 7. Qg4 Bxg5 8. hxg5
Qe7 9. Bd3 c5 10. g6 f5 11. Bxf5 exf5 12. Qxf5 Nb6 13. Qd3 h6 14. dxc5 Qxc5 15.
O-O-O Be6 16. Ne4 Qb4 17. Nd6+ Ke7 18. Ne2 Nc4 19. Nxc4 Qxc4 20. Qa3+ Ke8 21.
Nd4 Bc8 22. Qd6 Nc6 23. Ne6 Bxe6 24. Qxe6+ Ne7 25. Qf7+ Kd7 26. Rh3 Raf8 27. e6+
Kd6 28. Qxg7 Rhg8 29. Qh7 Rxf2 30. Rc3 Qxa2 31. Ra3 Qc4 32. Rc3 Qa2 33. Ra3 Qc4
34. Rc3 Qf4+ 35. Kb1 Rf1 36. Rd3 Rxd1+ 37. Rxd1 Rxg6 38. Qh8 Rg8 39. Qc3 Rc8 40.
Qa3+ Rc5 41. Rd3 a5 42. Rb3 Qf1+ 43. Ka2 Qc4 44. Ka1 Qf1+ 45. Ka2 Qc4 46. Ka1
Kc6 47. Rc3 Qf1+ 48. Ka2 Rxc3 49. Qxe7 Qc4+ 50. Kb1 Qf1+ 51. Ka2 Qc4+ 52. Kb1
Rxc2 53. Qd7+ Kb6 54. Qd8+ Kb5 55. Qd7+ Ka6 56. Qd6+ Ka7 {White resigns} 0-1

[Event "Team 45 45 League T65"]
[Site "Internet Chess Club"]
[Date "2015.06.04"]
[Round "1"]
[White "bobhill"]
[Black "soccerisfun"]
[Result "1-0"]
[WhiteElo "1970"]
[BlackElo "1774"]
[Opening "King's Indian: Torre attack"]
[ECO "A48"]
[Time "20:00:58"]
[TimeControl "2700+45"]

1. d4 Nf6 2. Nf3 g6 3. Bg5 Bg7 4. Nbd2 O-O 5. e4 d6 6. c3 Bg4 7. Qc2 Nbd7 8. h3
Bxf3 9. Nxf3 c5 10. d5 Qa5 11. Be2 b5 12. O-O c4 13. Nd4 Nc5 14. f3 a6 15. Be3
Qc7 16. g4 e5 17. Nc6 Ncd7 18. Kg2 Nb8 19. Nxb8 Raxb8 20. f4 Nd7 21. f5 Bf6 22.
g5 Bd8 23. Bg4 Qb7 24. f6 Bb6 25. Bxb6 Nxb6 26. Qf2 Kh8 27. Rh1 Na4 28. h4 Qb6
29. Qe2 Rb7 30. h5 Rc7 31. hxg6 fxg6 32. Rh6 b4 33. Rah1 bxc3 34. bxc3 Nxc3 35.
Qf3 Qb2+ 36. Kg3 Qa3 37. Rxh7+ Rxh7 38. Rxh7+ Kxh7 39. Qh1+ Kg8 40. Be6+ Rf7 41.
Bxf7+ Kf8 42. Qh8+ Kxf7 {Black resigns} 1-0

[Event "Team 45 45 League T65"]
[Site "Internet Chess Club"]
[Date "2015.06.08"]
[Round "1"]
[White "supermonkey"]
[Black "Beetlejuice"]
[Result "1-0"]
[WhiteElo "1683"]
[BlackElo "1822"]
[Opening "Sicilian: Taimanov (Bastrikov) variation"]
[ECO "B47"]
[Time "15:03:25"]
[TimeControl "2700+45"]

1. e4 c5 2. Nf3 e6 3. d4 cxd4 4. Nxd4 Nc6 5. Nc3 Qc7 6. g3 a6 7. Bg2 Nf6 8. O-O
d6 9. Be3 Be7 10. Kh1 O-O 11. f4 Bd7 12. Nb3 Rab8 13. g4 g6 14. g5 Ne8 15. Nd4
Ng7 16. f5 Nxd4 17. Qxd4 exf5 18. Nd5 Qd8 19. Bf4 Ne6 20. Nxe7+ Qxe7 21. Qxd6
Qd8 22. Qxb8 Qxb8 23. Bxb8 Rxb8 24. exf5 Nxg5 25. fxg6 hxg6 26. h4 Ne6 27. c3 b6
28. Rad1 Bb5 29. Rf6 Kg7 30. Rf2 Nc5 31. Bd5 f5 32. c4 Ba4 33. b3 Bd7 34. b4 Na4
35. Rg1 Kf6 36. Rfg2 Be8 37. h5 gxh5 38. Rg8 Rc8 39. Rf8+ Ke7 40. Rxf5 Nc3 41.
Re1+ Kd6 42. Rf6+ Kc7 43. Re7+ Kd8 44. Rg7 {Black resigns} 1-0

[Event "Team 45 45 League T65"]
[Site "Internet Chess Club"]
[Date "2015.06.05"]
[Round "1"]
[White "chess2009"]
[Black "jon314159"]
[Result "0-1"]
[WhiteElo "1784"]
[BlackElo "1529"]
[Opening "Ruy Lopez: old Steinitz defense"]
[ECO "C62"]
[Time "20:12:32"]
[TimeControl "2700+45"]

1. e4 e5 2. Nf3 Nc6 3. Bb5 d6 4. d4 Bd7 5. dxe5 Nxe5 6. Bxd7+ Nxd7 7. O-O Be7 8.
Nc3 Ngf6 9. Bg5 O-O 10. Re1 Ne5 11. Qe2 Nfd7 12. Bxe7 Qxe7 13. Nd5 Nxf3+ 14.
Qxf3 Qe5 15. Qb3 Nc5 16. Qa3 c6 17. Nc3 Rfe8 18. Re3 a5 19. Rae1 b5 20. b4 axb4
21. Qxb4 Ra7 22. Rf3 f5 23. Rfe3 f4 24. R3e2 f3 25. gxf3 Re6 26. f4 Rg6+ 27. Kh1
Qxf4 28. Re3 Qxf2 29. Rg3 Qxe1+ 30. Kg2 Qd2+ 31. Kh3 Rh6+ 32. Kg4 Rf7 33. e5 Ne6
34. h4 Rf4+ 35. Qxf4 Qxf4+ 36. Kh3 Qxh4+ 37. Kg2 Qh2+ 38. Kf3 Nd4+ 39. Kf4 Rh4+
40. Ke3 Qxg3+ 41. Kd2 Rh2+ 42. Kc1 Qxc3 43. Kb1 Qxc2+ 44. Ka1 Qb2# {White
checkmated} 0-1

[Event "Team 45 45 League T65"]
[Site "Internet Chess Club"]
[Date "2015.06.08"]
[Round "1"]
[White "hondocando"]
[Black "wildcat2023"]
[Result "1-0"]
[WhiteElo "1509"]
[BlackElo "1447"]
[Opening "Sicilian: closed"]
[ECO "B24"]
[Time "16:02:00"]
[TimeControl "2700+45"]

1. e4 c5 2. Nc3 g6 3. g3 Bg7 4. Bg2 Nc6 5. d3 Nf6 6. Be3 Qb6 7. Rb1 d6 8. h3 O-O
9. Qd2 Qc7 10. Nge2 e6 11. O-O Rd8 12. Bh6 d5 13. Bxg7 Kxg7 14. exd5 exd5 15.
Qf4 Qxf4 16. Nxf4 d4 17. Bxc6 bxc6 18. Na4 Nd7 19. Rfe1 Ba6 20. Re7 Bb5 21. b3
Rab8 22. Rbe1 Bxa4 23. bxa4 Rb2 24. Ne6+ Kh8 25. Nxd8 Nf6 26. Rxa7 Rxc2 27. Nxc6
Rxa2 28. a5 Ra3 29. Ne5 Nd5 30. Nxf7+ Kg7 31. Ne5+ Kh6 32. h4 Nc3 33. Nf7+ Kh5
34. Kg2 Ra2 35. Kh3 Ne2 36. Ng5 Nf4+ 37. gxf4 Rxf2 38. Rxh7# {Black checkmated}
1-0

[Event "Team 45 45 League T65"]
[Site "Internet Chess Club"]
[Date "2015.06.08"]
[Round "1"]
[White "Chaitanyaann"]
[Black "Bible-Believer"]
[Result "1-0"]
[WhiteElo "1407"]
[BlackElo "1489"]
[Opening "Sicilian: Kan, Maróczy bind (Réti variation)"]
[ECO "B41"]
[Time "18:00:21"]
[TimeControl "2700+45"]

1. e4 c5 2. Nf3 e6 3. d4 cxd4 4. Nxd4 a6 5. c4 Nf6 6. Bd3 Nc6 7. Be3 Qc7 8. O-O
Be7 9. Nc3 O-O 10. f3 Rd8 11. Qc2 Nxd4 12. Bxd4 d6 13. Rad1 Bd7 14. Rfe1 Rac8
15. e5 dxe5 16. Bxe5 Qc5+ 17. Kh1 g6 18. a3 a5 19. Bg3 Nh5 20. Bf2 Qc7 21. Ne4
Bc6 22. Qc3 Qe5 23. Qxe5 {Black resigns} 1-0

[Event "Team 45 45 League T65"]
[Site "Internet Chess Club"]
[Date "2015.06.03"]
[Round "1"]
[White "ethan0627"]
[Black "GideonL"]
[Result "1/2-1/2"]
[WhiteElo "1466"]
[BlackElo "1569"]
[Opening "Bishop's opening: Berlin defense"]
[ECO "C24"]
[Time "19:43:59"]
[TimeControl "2700+45"]

1. e4 e5 2. Bc4 Nf6 3. d3 Bc5 4. Nf3 d6 5. Nc3 O-O 6. Bg5 Bg4 7. Nd5 Nbd7 8.
Nxf6+ Nxf6 9. h3 Be6 10. Bxe6 fxe6 11. Qd2 Rf7 12. O-O-O Qd7 13. d4 exd4 14.
Bxf6 Rxf6 15. Nxd4 Bxd4 16. Qxd4 Qf7 17. f3 e5 18. Qa4 Re6 19. Qb3 b6 20. Rd3
Qf4+ 21. Kb1 Qf7 {Game drawn by mutual agreement} 1/2-1/2

[Event "Team 45 45 League T65"]
[Site "Internet Chess Club"]
[Date "2015.06.04"]
[Round "1"]
[White "rubo"]
[Black "Mitochondria"]
[Result "1-0"]
[WhiteElo "1658"]
[BlackElo "1506"]
[Opening "French: advance, Paulsen attack"]
[ECO "C02"]
[Time "21:07:56"]
[TimeControl "2700+45"]

1. e4 e6 2. d4 d5 3. e5 c5 4. c3 Nc6 5. Nf3 cxd4 6. cxd4 Bb4+ 7. Nc3 Qb6 8. Bd3
Bd7 9. O-O Nge7 10. Re1 Nxd4 11. Nxd4 Qxd4 12. Be3 Qxe5 13. Bc5 Qf4 14. g3 Qg5
15. Bxb4 h5 16. h4 Qh6 17. Bxe7 Kxe7 18. Nxd5+ Kd8 19. Nf4 g5 20. Bb5 Ke8 21.
Qxd7+ {Black resigns} 1-0

[Event "Team 45 45 League T65"]
[Site "Internet Chess Club"]
[Date "2015.06.06"]
[Round "1"]
[White "AlPearson"]
[Black "nosir"]
[Result "0-1"]
[WhiteElo "1410"]
[BlackElo "1499"]
[Opening "Neo-Indian (Seirawan) attack"]
[ECO "A45"]
[Time "18:01:52"]
[TimeControl "2700+45"]

1. d4 Nf6 2. Bg5 e6 3. c4 Be7 4. Nc3 O-O 5. Nf3 b6 6. e3 d5 7. Bd3 dxc4 8. Bxc4
Bb7 9. O-O Nbd7 10. Rc1 Ne4 11. Bxe7 Qxe7 12. Qc2 Ndf6 13. Rfd1 Nxc3 14. Qxc3
Bxf3 15. gxf3 Rac8 16. Ba6 Nd5 17. Qc4 Rcd8 18. Bb7 c6 19. Qa6 Nb4 20. Qa3 Qxb7
21. Qxb4 Rc8 22. a4 a5 23. Qd6 Rfd8 24. Qg3 Qe7 25. Rc2 e5 26. Rdc1 Rd6 27. d5
Rg6 28. Qxg6 hxg6 29. Rxc6 Rxc6 30. dxc6 Qc7 31. Kf1 Kf8 32. Ke2 Ke7 33. e4 f6
34. Ke3 Ke6 35. Ke2 f5 36. Kd3 Qd6+ 37. Ke2 Qc7 38. Kd3 Kd6 39. Ke2 f4 40. Kd3
Ke6 41. Ke2 Kf6 42. Ke1 Kg5 43. Kf1 Kh4 44. Kg2 g5 45. b3 g4 46. fxg4 Kxg4 47.
f3+ Kh4 48. Kf1 g5 49. Kg1 g4 50. fxg4 Kxg4 51. Kg2 f3+ 52. Kf2 Kf4 53. Rc4 Qg7
54. c7 Qg2+ 55. Ke1 f2+ 56. Kd2 f1=Q+ 57. Kc3 Qff3# {White checkmated} 0-1

[Event "Team 45 45 League T65"]
[Site "Internet Chess Club"]
[Date "2015.06.06"]
[Round "1"]
[White "g8wrb"]
[Black "chuckh2"]
[Result "1/2-1/2"]
[WhiteElo "1279"]
[BlackElo "1405"]
[Opening "French: Rubinstein variation"]
[ECO "C03"]
[Time "13:01:15"]
[TimeControl "2700+45"]

1. e4 e6 2. d4 d5 3. Nd2 dxe4 4. Nxe4 Nd7 5. Nf3 Ngf6 6. Bd3 Nxe4 7. Bxe4 Nf6 8.
Bd3 c5 9. O-O Qb6 10. c3 cxd4 11. Qa4+ Bd7 12. Qxd4 Bc5 13. Qe5 Bd6 14. Qd4 Qxd4
15. cxd4 Bc6 16. Ne5 Bd5 17. Bb5+ Ke7 18. Bg5 h6 19. Bh4 g5 20. Bg3 Rhd8 21. f3
a6 22. Ba4 b5 23. Bb3 Bxe5 24. dxe5 Nh5 25. Rac1 Nxg3 26. hxg3 Bxb3 27. axb3 Rd3
28. Rc3 Rd2 29. Rf2 Rd1+ 30. Kh2 Rad8 31. f4 Re1 32. Rc7+ Kf8 33. fxg5 f5 34.
exf6 Rdd1 35. g4 Rh1+ 36. Kg3 hxg5 37. Rc6 e5 38. f7 Rd3+ 39. Rf3 Rxf3+ 40. gxf3
Rb1 41. Rxa6 Rxb2 42. Ra5 Rxb3 43. Ra7 b4 44. Kf2 Ra3 45. Rb7 b3 46. Ke3 b2+ 47.
Ke4 Ra4+ 48. Kxe5 Rf4 49. Ke6 b1=Q 50. Rxb1 Rxf7 51. Rf1 Rf4 52. Rf2 Ke8 53. Ra2
Kf8 54. Rf2 Ke8 55. Ra2 {Game drawn by mutual agreement} 1/2-1/2

[Event "Team 45 45 League T65"]
[Site "Internet Chess Club"]
[Date "2015.06.06"]
[Round "1"]
[White "Zyme"]
[Black "SeniorCitizen"]
[Result "1-0"]
[WhiteElo "1304"]
[BlackElo "1327"]
[Opening "QGD: 4.Nf3"]
[ECO "D37"]
[Time "12:01:50"]
[TimeControl "2700+45"]

1. d4 d5 2. c4 e6 3. Nc3 Nf6 4. Nf3 Be7 5. e3 b6 6. Bd3 Bb7 7. O-O O-O 8. Re1
Nbd7 9. e4 dxe4 10. Nxe4 Bxe4 11. Bxe4 Nxe4 12. Rxe4 Nf6 13. Re2 Bd6 14. Bf4
Bxf4 15. Qe1 Re8 16. Rd1 c6 17. g3 Bc7 18. Ne5 Bxe5 19. dxe5 Nd7 20. Red2 Re7
21. Qe4 Qc7 22. Rd6 c5 23. Qxa8+ {Black resigns} 1-0